Map: Dusk Towers

Players

CoreNut

  • Race: Zerg Zerg

llllllllllll - Winner!

  • Race: Protoss Protoss
  • League: Platinum

VOD

Have the link to the VOD?

Description

Time

  • Played on: June 27, 2016, 7 p.m.
  • Length: 12:48
Show
View Real Time Build Order
Export as new Build Order

CoreNut Zerg 

Build Orders: Pool First 

Get SALT Encoding   

  13  0:07  Drone  
  13  0:14  Overlord  
  13  0:21  Drone  
  14  0:34  Drone x2  
  16  0:44  Drone  
  17  0:50  Drone  
  17  0:54  Spawning Pool  
  17  1:15  Hatchery  
  16  1:20  Drone  
  16  1:21  Drone  
  18  1:27  Drone  
  19  1:41  Zergling x2  
  19  1:42  Queen  
  19  1:45  Overlord  
  22  2:05  Hatchery  
  21  2:08  Drone  
  21  2:12  Drone  
  23  2:17  Drone  
  23  2:20  Queen  
  26  2:30  Drone  
  26  2:31  Drone  
  28  2:45  Drone x2  
  30  2:56  Drone x2  
  30  2:58  Drone  
  33  3:00  Overlord, Drone  
  33  3:05  Zergling x2  
  34  3:12  Drone x2  
  36  3:24  Drone  
  36  3:27  Queen x2, Extractor  
  37  3:29  Extractor  
  37  3:30  Overlord, Drone x2  
  37  3:31  Drone x2  
  37  3:33  Drone  
  44  3:40  Drone  
  45  3:46  Drone  
  45  3:48  Drone  
  47  3:52  Drone  
  47  3:53  Drone  
  49  4:09  Drone x7  
  57  4:10  Drone  
  57  4:16  Evolution Chamber  
  56  4:17  Roach Warren  
  56  4:18  Evolution Chamber  
  54  4:25  Drone x2  
  54  4:26  Drone x2  
  54  4:28  Overlord  
  54  4:29  Overlord  
  54  4:30  Metabolic Boost  
  58  4:42  Overlord  
  58  4:45  Extractor  
  58  4:47  Extractor  
  58  4:49  Zerg Ground Armor Level 1  
  58  4:51  Drone x5  
  62  4:52  Drone  
  62  4:53  Drone x6  
  62  4:57  Extractor  
  62  4:59  Drone  
  68  5:03  Zerg Missile Weapons Level 1  
  68  5:16  Overlord x3  
  68  5:17  Overlord  
  68  5:18  Drone x4  
  68  5:19  Drone x4  
  76  5:35  Extractor  
  75  5:36  Zergling x10  
  75  5:39  Lair  
  80  5:45  Roach, Spore Crawler  
  80  5:46  Roach x2  
  85  5:57  Roach x2  
  85  5:58  Roach x4  
  97  6:07  Roach x3  
  97  6:08  Roach  
  97  6:10  Overlord  
  97  6:11  Overlord x3  
  105  6:23  Overlord  
  105  6:24  Overlord  
  105  6:31  Spore Crawler  
  105  6:32  Spore Crawler  
  82  6:34  Spore Crawler x2  
  82  6:35  Spore Crawler  
  82  6:36  Spore Crawler, Drone x10  
  82  6:37  Lair  
  88  6:44  Drone x2  
  90  6:53  Hatchery  
  89  6:57  Hatchery  
  89  7:06  Spawning Pool  
  88  7:16  Drone  
  88  7:17  Drone x6  
  95  7:24  Evolution Chamber, Zerg Melee Weapons Level 1  
  95  7:25  Evolution Chamber  
  93  7:40  Hydralisk Den  
  92  7:47  Drone x3  
  89  8:10  Hydralisk x6  
  101  8:17  Spore Crawler  
  101  8:18  Hatchery  
  101  8:19  Spore Crawler  
  84  8:20  Spore Crawler  
  77  8:39  Drone  
  77  8:40  Drone x4  
  82  8:42  Drone x2  
  82  8:45  Drone  
  82  8:46  Drone  
  82  8:47  Drone  
  87  8:52  Drone  
  88  8:58  Drone  
  88  8:59  Drone  
  90  9:11  Zerg Missile Weapons Level 2  
  90  9:12  Roach Warren  
  90  9:14  Drone  
  90  9:15  Drone  
  91  9:17  Zerg Ground Armor Level 2  
  56  9:35  Hydralisk x4  
  55  9:43  Drone x2  
  59  9:49  Drone  
  56  10:01  Drone  
  57  10:09  Drone  
  57  10:10  Drone x4  
  57  10:13  Drone  
  63  10:26  Overseer  
  63  10:32  Drone x2  
  63  10:33  Drone  
  63  10:34  Drone  
  67  10:35  Drone  
  67  10:36  Drone x2  
  70  10:43  Spawning Pool  
  70  10:44  Drone x2  
  71  10:50  Drone  
  71  10:51  Drone x2  
  74  10:58  Overseer  
  74  10:59  Drone  
  75  11:06  Drone  
  76  11:12  Hydralisk x2  
  68  11:44  Spawning Pool  
Show
View Real Time Build Order
Export as new Build Order

llllllllllll Protoss - Winner!

Build Orders: 1 Gate Expand 

Get SALT Encoding   

  12  0:01  Probe (Chrono Boost)  
  13  0:12  Probe (Chrono Boost)  
  14  0:22  Probe (Chrono Boost)  
  14  0:26  Pylon  
  15  0:45  Probe (Chrono Boost)  
  15  0:48  Gateway  
  16  0:53  Assimilator  
  16  0:54  Assimilator  
  16  0:55  Probe (Chrono Boost)  
  17  1:06  Probe (Chrono Boost)  
  18  1:16  Probe (Chrono Boost)  
  19  1:27  Probe (Chrono Boost)  
  20  1:37  Probe (Chrono Boost)  
  20  1:39  Nexus  
  21  1:48  Probe (Chrono Boost)  
  22  1:57  Cybernetics Core  
  22  2:07  Pylon, Probe (Chrono Boost)  
  23  2:25  Probe (Chrono Boost)  
  24  2:33  Assimilator  
  24  2:36  Stalker  
  27  2:40  Mothership Core (Chrono Boost)  
  28  2:51  Forge  
  28  2:55  Pylon  
  28  3:07  Probe x2 (Chrono Boost)  
  30  3:17  Probe x2 (Chrono Boost)  
  32  3:28  Probe x2 (Chrono Boost)  
  32  3:31  Assimilator  
  34  3:34  Stargate  
  34  3:37  Stargate  
  34  3:42  Stargate  
  34  3:46  Probe (Chrono Boost)  
  34  3:47  Probe (Chrono Boost)  
  36  3:57  Probe (Chrono Boost)  
  36  3:58  Probe (Chrono Boost)  
  38  4:07  Pylon, Probe (Chrono Boost)  
  38  4:08  Probe (Chrono Boost)  
  40  4:14  Pylon  
  40  4:18  Oracle  
  40  4:20  Oracle  
  46  4:27  Oracle  
  46  4:29  Probe (Chrono Boost)  
  50  4:31  Probe (Chrono Boost)  
  51  4:40  Probe (Chrono Boost)  
  51  4:42  Probe (Chrono Boost)  
  53  4:45  Photon Cannon  
  53  4:50  Probe (Chrono Boost)  
  54  4:54  Oracle  
  54  4:57  Oracle  
  60  5:02  Oracle  
  63  5:12  Photon Cannon  
  63  5:26  Pylon  
  63  5:29  Oracle (Chrono Boost)  
  63  5:30  Photon Cannon  
  63  5:32  Oracle (Chrono Boost)  
  63  5:35  Pylon  
  69  5:37  Probe (Chrono Boost)  
  70  5:44  Probe (Chrono Boost)  
  70  5:47  Probe  
  72  5:56  Photon Cannon, Probe  
  73  6:05  Nexus  
  73  6:10  Oracle (Chrono Boost)  
  76  6:17  Oracle (Chrono Boost)  
  76  6:18  Oracle (Chrono Boost)  
  82  6:25  Photon Cannon  
  82  6:41  Oracle (Chrono Boost)  
  85  7:04  Pylon  
  85  7:06  Pylon  
  85  7:07  Pylon  
  85  7:14  Photon Cannon  
  85  7:15  Photon Cannon  
  85  7:16  Pylon, Probe  
  85  7:17  Oracle (Chrono Boost)  
  85  7:20  Assimilator  
  85  7:22  Oracle (Chrono Boost)  
  92  7:26  Assimilator, Probe  
  93  7:33  Oracle (Chrono Boost)  
  96  7:37  Probe  
  97  7:47  Probe  
  97  7:48  Oracle (Chrono Boost)  
  101  7:57  Oracle (Chrono Boost)  
  101  8:06  Oracle (Chrono Boost)  
  104  8:41  Void Ray x2 (Chrono Boost)  
  113  8:47  Void Ray (Chrono Boost)  
  113  9:03  Nexus  
  113  9:05  Pylon  
  113  9:08  Assimilator  
  113  9:10  Stargate  
  113  9:11  Stargate, Assimilator  
  113  9:14  Pylon  
  113  9:15  Photon Cannon  
  113  9:16  Photon Cannon  
  113  9:18  Photon Cannon, Void Ray (Chrono Boost)  
  113  9:20  Photon Cannon  
  117  9:25  Pylon  
  114  9:58  Void Ray x2 (Chrono Boost)  
  134  10:03  Void Ray x2 (Chrono Boost)  
  134  10:04  Void Ray (Chrono Boost)  
  134  10:15  Probe  
  135  10:26  Probe  
  136  10:35  Void Ray (Chrono Boost)  
  140  10:36  Probe  
  140  10:37  Void Ray (Chrono Boost)  
  140  10:41  Probe  
  149  10:46  Void Ray (Chrono Boost)  
  149  10:47  Probe  
  155  10:52  Void Ray (Chrono Boost), Probe  
  156  10:58  Probe  
  156  11:02  Probe  
  162  11:12  Void Ray x2 (Chrono Boost)  
Tags
 
Add a new tag
Caveats
  • Supply blocks, unpowered buildings, or Contaminate may cause inaccurate times.
  • Supply counts are checked every 10 seconds.